 Dungeon Crawl Stone Soup version 0.28-a0-821-g923ab73998 (webtiles) character file.

Game seed: 2769861351971460327

102 jhdf the Vexing (level 4, -2/21 HPs)
             Began as a Spriggan Enchanter on Nov 9, 2021.
             Slain by an ufetubus (4 damage)
             ... summoned by Eustachio
             ... on level 3 of the Dungeon.
             The game lasted 00:05:43 (3349 turns).

jhdf the Vexing (Spriggan Enchanter)                Turns: 3349, Time: 00:05:44

Health: -2/21      AC:  2    Str:  5    XL:     4   Next: 50%
Magic:  0/11       EV: 17    Int: 16    God:
Gold:   169        SH:  0    Dex: 15    Spells: 4/12 levels left

rFire   . . .      SeeInvis +   a - +1 dagger
rCold   . . .      Faith    .   (shield restricted)
rNeg    . . .      Spirit   .   b - +0 robe
rPois   .          Reflect  .   (helmet restricted)
rElec   .          Harm     .   (no cloak)
rCorr   .          Rampage  .   (gloves unavailable)
Will    .....                   (boots unavailable)
Stlth   +++.......              (no amulet)
HPRegen 0.07/turn               (no ring)
MPRegen 0.12/turn               (no ring)

@: invisible, very quick
A: very small, no large weapons, unfitting armour, see invisible, speed 3
a: no special abilities


You were on level 3 of the Dungeon.
You visited 1 branch of the dungeon, and saw 4 of its levels.

You collected 169 gold pieces.

Inventory:

Hand Weapons
 a - a +1 dagger (weapon)
 j - a +1 demon whip of venom
Missiles
 d - 47 poisoned darts (quivered)
Armour
 b - a +0 robe (worn)
Scrolls
 e - a scroll of identify
 f - 2 scrolls of enchant weapon
 h - 2 scrolls of enchant armour


   Skills:
 - Level 1.1 Short Blades
 - Level 2.6 Dodging
 - Level 4.4 Stealth
 + Level 4.6 Spellcasting
 + Level 5.2 Hexes


You had 4 spell levels left.
You knew the following spells:

 Your Spells              Type           Power      Damage    Failure   Level
a - Ensorcelled Hibernat  Hex/Ice        24%        N/A       9%          2
b - Tukima's Dance        Hex            20%        N/A       5%          3
c - Dazzling Flash        Conj/Hex       24%        N/A       16%         3

Your spell library contained the following spells:

 Spells                   Type           Power      Damage    Failure   Level
 Confusing Touch          Hex            20%        N/A       5%          3


Dungeon Overview and Level Annotations

Branches:
Dungeon (4/15)
 Temple: D:4-7

Altars:
Trog

Annotations:
D:3 Eustachio


Innate Abilities, Weirdness & Mutations

You are very small and have problems with some larger weapons.
You are too small for most types of armour.
You have supernaturally acute eyesight. (SInv)
You cover ground extremely quickly. (Speed+++)


Message History

Aiming: Ensorcelled Hibernation (safe; 9% risk of failure)
Press: ? - help, Shift-Dir - straight line, f - Eustachio
Aim: Eustachio, wielding a +0 falchion and wearing a +1 leather armour of poison resistance (fast, chance to affect: 43%) Eustachio resists with some effort.
Eustachio hits you with a +0 falchion.
Unknown command.
Casting: Ensorcelled Hibernation (safe; 9% risk of failure)
Confirm with . or Enter, or press ? or * to list all spells.
Aiming: Ensorcelled Hibernation (safe; 9% risk of failure)
Press: ? - help, Shift-Dir - straight line, f/p - Eustachio
Aim: Eustachio, wielding a +0 falchion and wearing a +1 leather armour of poison resistance (fast, chance to affect: 43%) Eustachio resists with some effort.
Eustachio is no longer moving quickly.
Eustachio drinks a potion.
Eustachio seems to speed up.
Eustachio hits you with a +0 falchion.
You closely miss Eustachio.
Eustachio casts a spell.
Eustachio blinks!
Casting: Ensorcelled Hibernation (safe; 9% risk of failure)
Confirm with . or Enter, or press ? or * to list all spells.
Aiming: Ensorcelled Hibernation (safe; 9% risk of failure)
Press: ? - help, Shift-Dir - straight line, f/p - Eustachio
Aim: Eustachio, wielding a +0 falchion and wearing a +1 leather armour of poison resistance (fast, chance to affect: 43%) Eustachio resists with some effort.
Eustachio misses you.
You hit Eustachio but do no damage. Eustachio hits you with a +0 falchion.
You are too injured to fight recklessly!
Unknown command.
You closely miss Eustachio. Eustachio completely misses you.
You hit Eustachio but do no damage.
Eustachio mumbles some strange words.
Eustachio blinks!
Eustachio gestures wildly while chanting.
Unknown command.
You hit Eustachio but do no damage. Eustachio closely misses you.
The crimson imp barely misses you.
You closely miss Eustachio. Eustachio closely misses you.
Eustachio hits you with a +0 falchion!
* * * LOW HITPOINT WARNING * * *
Unknown command.
You fade into invisibility!
The ufetubus hits you.
You die...

.######.# #.# .# #.# ##.# .# #.#
#..# .# #.# #.## .# #.# #.# .#
#.# ####.# .# #.###.##.### .#
#........<.## .#
###..#...5@5############
.#########......5@...........#
.........................###.#
#######.###.##.#####.#.#.# #.#
#######.# #.##.# #.#.#.# #.#
........###.##.# #.#.#.# #.#
#####.....#.##.#####.#.#.# #.###
##.<..###.#.##)##....#.#.###...##
......###............#.......##.#


You could see Eustachio (fast), a crimson imp (summoned), a shadow imp
(summoned) and an ufetubus (summoned).

Vanquished Creatures
  An orc wizard (D:3)
  An adder (D:4)
  3 dart slugs
  2 worms (D:2)
  6 orcs
  4 ball pythons
  2 bats
  5 endoplasms
  5 giant cockroaches
  3 goblins
  3 hobgoblins (D:1)
  A quokka (D:2)
  2 frilled lizards (D:1)
  6 kobolds
  3 rats
47 creatures vanquished.

Notes
Turn   | Place    | Note
-------+----------+-------------------------------------------
     0 | D:1      | jhdf the Spriggan Enchanter began the quest for the Orb.
     0 | D:1      | Reached XP level 1. HP: 9/9 MP: 5/5
   315 | D:1      | Reached skill level 4 in Hexes
   316 | D:1      | Reached XP level 2. HP: 7/13 MP: 7/7
   319 | D:1      | Learned a level 2 spell: Ensorcelled Hibernation
  1718 | D:2      | Reached XP level 3. HP: 16/16 MP: 9/9
  1724 | D:2      | Learned a level 3 spell: Tukima's Dance
  1728 | D:2      | Learned a level 3 spell: Dazzling Flash
  2436 | D:3      | Found a bloodstained altar of Trog.
  2496 | D:3      | Reached skill level 5 in Hexes
  2496 | D:3      | Reached XP level 4. HP: 21/21 MP: 3/11
  3299 | D:4      | Noticed Eustachio
  3349 | D:3      | Slain by an ufetubus

Illustrated notes

Levels and vault maps discovered:
D:1:      dpeg_arrival_stone_temple_mockup, layout_basic
D:2:      layout_rooms
D:3:      layout_loops_ring, mainiacjoe_overflow_surrounded_room
D:4:      layout_loops_cross, chequers_temple_overflow_statue_of_worship,
          eino_tiny_chamber, kennysheep_generic_room_2, uniq_grinder,
          uniq_eustachio

Skill      XL: |  1  2  3 |
---------------+----------+-----
Spellcasting   | 3 4 |  4.6
Hexes          | 4 5 |  5.2
Short Blades   | |  1.1
Dodging        | |  2.6
Stealth        | |  4.4

Action                   |  1- 3 |  4- 6 || total
-------------------------+-------+-------++-------
Melee: Dagger            |   120 |    35 ||   155
 Cast: Ensorcelled Hiber |    22 |    11 ||    33
  Use: Scroll            |     7 |       ||     7
       Potion            |       |     1 ||     1
 Stab: Sleeping          |    21 |     7 ||    28
       Distracted        |       |     1 ||     1
Armor: Robe              |     9 |     2 ||    11
Dodge: Dodged            |    87 |    30 ||   117

Table legend: (Time is in decaauts)
 A = Elapsed time spent in this place.
 B = Non-inter-level travel time spent in this place.
 C = Inter-level travel time spent in this place.
 D = Time resting spent in this place.
 E = Time spent auto-exploring this place.
 F = Levels seen in this place.
 G = Mean time per level.
                   A        B        C        D        E       F      G
               +--------+--------+--------+--------+--------+-----+--------+
         Total |   2597 |   2528 |     69 |     60 |   2013 |   4 |  649.2 |
       Dungeon |   2597 |   2528 |     69 |     60 |   2013 |   4 |  649.2 |
               +--------+--------+--------+--------+--------+-----+--------+

Top non-repeatable levels by time:
     D:1: 1052 daAuts
     D:2: 804 daAuts
     D:3: 684 daAuts
     D:4: 56 daAuts
